 Dungeon Crawl Stone Soup version 0.30.0-20-g3615ddf2f0 (webtiles) character file.

Game seed: 4888638140772549308

927 qw the Chopper (level 8, -4/48 HPs)
             Began as a Gargoyle Fighter on May 29, 2023.
             Slain by Duvessa
             ... wielding a +0 short sword
              (9 damage)
             ... on level 5 of the Dungeon.
             The game lasted 00:02:22 (4667 turns).

qw the Chopper (Gargoyle Fighter)                   Turns: 4667, Time: 00:02:23

Health: -4/48      AC: 15    Str: 24    XL:     8   Next: 10%
Magic:  0/8        EV:  7    Int:  9    God:
Gold:   348        SH:  9    Dex:  9    Spells: 7/7 levels left

rFire   + . .        Y - +1 war axe
rCold   + . .        o - +0 kite shield
rNeg    + . .        l - +0 chain mail
rPois   inf          (no helmet)
rElec   +            (no cloak)
rCorr   +            (no gloves)
SInv    .            c - +0 pair of boots
Will    .....        u - amulet of guardian spirit Stlth
                     r - ring of Goushast {rF+ rC+ rCorr Str+2}
HPRegen 0.28/turn    (no ring)
MPRegen 0.11/turn

%: guardian spirit
@: no status effects
A: sickness immunity, AC +5, negative energy resistance 1, electricity
resistance, torment resistance 1, petrification resistance, MP-powered wands
a: no special abilities


You were on level 5 of the Dungeon.
You visited 2 branches of the dungeon, and saw 6 of its levels.
You also visited: Sewer and Ossuary.

You collected 348 gold pieces.


Innate Abilities, Weirdness & Mutations

You are immune to sickness and miasma.
Your stone body is resilient. (AC +5)
You are immune to poison.
You resist negative energy. (rN+)
You are resistant to electric shocks. (rElec)
You are resistant to unholy torment.
You are immune to petrification.
You expend magic power (3 MP) to strengthen your wands.


   Skills:
 - Level 4.0 Fighting
 + Level 6.2 Axes
 - Level 2.0 Throwing
 - Level 3.2 Armour
 - Level 1.6 Dodging
 - Level 6.0 Shields


You had 7 spell levels left.
You didn't know any spells.
Your spell library was empty.

Inventory:

Hand Weapons
 n - a +0 flail
 Y - a +1 war axe (weapon)
Missiles
 a - 9 javelins (quivered)
 m - 4 boomerangs
Armour
 c - a +0 pair of boots (worn)
 l - a +0 chain mail (worn)
 o - a +0 kite shield (worn)
Jewellery
 p - a ring of ice
 r - the ring of Goushast (left hand) {rF+ rC+ rCorr Str+2}
   (You acquired it in an ossuary)

   [ring of protection from cold]

   Str:       It affects your strength (+2).
   rF:        It protects you from fire.
   rC:        It protects you from cold.
   rCorr:     It protects you from acid and corrosion.
 u - an amulet of guardian spirit (around neck)
Scrolls
 b - 2 scrolls of teleportation
 g - a scroll of identify
Potions
 d - a potion of might
 e - a potion of resistance
 f - a potion of cancellation
 h - 2 potions of mutation
 i - a potion of heal wounds
 j - 5 potions of curing
 k - 2 potions of lignification
 q - 2 potions of haste

Dungeon Overview and Level Annotations

Branches:
Dungeon (5/15)             Temple (1/1) D:4           Sewer (visited)
Ossuary (visited)

Altars:
Ashenzari
Cheibriados
Dithmenos
Fedhas
Gozag
Hepliaklqana
Kikubaaqudgha
Makhleb
Nemelex Xobeh
Qazlal
Sif Muna
Trog
Vehumet
Wu Jian
Xom
Yredelemnul
Zin
The Shining One

Annotations:
D:5 2 transporters, Duvessa


Message History

Dowan is almost dead.
You barely miss Duvessa. Duvessa hits you but does no damage.
Dowan completely misses you. Duvessa hits you with a +0 short sword.
You slash Dowan!
You kill Dowan!
Duvessa screams, "No!
How DARE you!"
Duvessa goes berserk!
You hit Duvessa but do no damage. Duvessa hits you with a +0 short sword!
Duvessa hits you with a +0 short sword.
You barely miss Duvessa.
Duvessa is moderately wounded.
You block Duvessa's attack. x2
You slash Duvessa!
Duvessa is heavily wounded.
Duvessa barely misses you. You block Duvessa's attack.
You hit Duvessa but do no damage.
Duvessa is heavily wounded.
Duvessa hits you but does no damage. Duvessa hits you with a +0 short sword.
You hit Duvessa but do no damage.
Duvessa is heavily wounded.
You block Duvessa's attack. Duvessa closely misses you.
You barely miss Duvessa.
Duvessa is heavily wounded.
Duvessa hits you but does no damage. Duvessa hits you with a +0 short sword!
You slash Duvessa!
Duvessa is severely wounded.
Duvessa completely misses you. You block Duvessa's attack.
You hit Duvessa.
Duvessa is severely wounded.
Duvessa hits you but does no damage. You block Duvessa's attack.
You slash Duvessa!
Duvessa is almost dead.
Duvessa hits you with a +0 short sword. You block Duvessa's attack.
You barely miss Duvessa.
Duvessa is severely wounded.
Duvessa hits you with a +0 short sword. Duvessa barely misses you.
You barely miss Duvessa.
Duvessa is severely wounded.
Duvessa hits you with a +0 short sword! x2
You die...

##### ########...##
###.....@e....# #.....#'#)..#.#
#.#.bb#.#...#.##
########.#b###.###....#
#........#.+.....'....#*********
#........#.###.###........,,,,,*
#........#..,#.#,..e......,,,,,,
#######.##...#+#,.........,,,,,,
########.##.....,.......)..,,,,,,


You could see Duvessa (berserk, fast).

Vanquished Creatures
  Pargi (Sewer)
  An elf zombie (Ossuary)
  Dowan (D:5)
  2 hounds
  4 human zombies (Ossuary)
  A centaur zombie (Ossuary)
  A jelly (D:3)
  A sleepcap (D:2)
  An orc wizard (D:3)
  7 iguanas
  A hound zombie (Ossuary)
  3 mummies (Ossuary)
  5 adders
  2 adder zombies (Ossuary)
  A worm (D:4)
  3 dart slugs
  12 orcs
  10 bats
  10 endoplasms
  5 giant cockroaches
  8 hobgoblins
  8 jackals
  6 quokkas
  7 ball pythons
  2 frilled lizards
  3 gnoll zombies (Ossuary)
  7 goblins
  4 goblin zombies (Ossuary)
  3 hobgoblin zombies (Ossuary)
  8 jackal zombies (Ossuary)
  4 kobolds
  2 kobold zombies (Ossuary)
  3 orc zombies (Ossuary)
  2 quokka zombies (Ossuary)
  7 rats
  2 rat zombies (Ossuary)
148 creatures vanquished.

Notes
Turn   | Place    | Note
-------+----------+-------------------------------------------
     0 | D:1      | qw the Gargoyle Fighter began the quest for the Orb.
     0 | D:1      | Reached XP level 1. HP: 14/14 MP: 1/1
     0 | D:1      | 0 ||| qw: Version: 0.2-a-102-g2b76a06
     0 | D:1      | 0 ||| qw: Game counter: 443
     0 | D:1      | 0 ||| qw: Always use a shield: true
     0 | D:1      | 0 ||| qw: God list: Okawaru
     0 | D:1      | 0 ||| qw: Allow faded altars: false
     0 | D:1      | 0 ||| qw: Do Orc after D:15 true
     0 | D:1      | 0 ||| qw: Do second Lair branch before Depths: true
     0 | D:1      | 0 ||| qw: Lair rune preference: random
     0 | D:1      | 0 ||| qw: Plans: Normal, Zot:1-4, Slime:5, God:TSO, Crypt,
                  | Tomb, Pan, Hells, Abyss, Win
     0 | D:1      | 0 ||| PLANNING D:1-11
   105 | D:1      | 105 ||| Stepping ~*~*~tactically~*~*~ (hiding).
   247 | D:1      | Reached XP level 2. HP: 7/19 MP: 2/2
   441 | D:1      | You fall into a shaft and drop 1 floor!
   444 | D:2      | Found a faded altar of an unknown god.
   454 | D:2      | 454 ||| READING scroll labelled VOSOEC VIYLOTAID.
   455 | D:2      | 455 ||| READING 3 scrolls labelled LIEBBU PIBIQIKURHU.
   456 | D:2      | 456 ||| READING 2 scrolls of identify.
   456 | D:2      | 456 ||| IDENTIFYING sapphire potion
   601 | D:1      | Reached skill level 3 in Axes
   612 | D:1      | Reached XP level 3. HP: 22/23 MP: 3/3
  1161 | D:1      | 1161 ||| DROPPING amulet of magic regeneration.
  1162 | D:1      | 1162 ||| READING scroll labelled NABBUL XEMIUS.
  1163 | D:1      | 1163 ||| READING scroll labelled SAWILUANIE.
  1278 | D:2      | Reached XP level 4. HP: 25/28 MP: 4/4
  1496 | D:2      | Found a glowing silver altar of Zin.
  1620 | D:2      | 1620 ||| DROPPING +0 club.
  2017 | D:2      | 2017 ||| DRINKING 3 clear potions.
  2030 | D:3      | Reached XP level 5. HP: 32/32 MP: 5/5
  2117 | D:3      | 2117 ||| DROPPING +0 whip.
  2288 | D:3      | 2288 ||| Stepping ~*~*~tactically~*~*~ (stealth).
  2289 | D:3      | 2289 ||| Stepping ~*~*~tactically~*~*~ (stealth).
  2297 | D:3      | 2297 ||| FLEEEEING.
  2298 | D:3      | 2298 ||| FLEEEEING.
  2430 | D:3      | Found a broken altar of Ashenzari.
  2763 | D:3      | 2763 ||| FLEEEEING.
  2764 | D:3      | 2764 ||| FLEEEEING.
  2765 | D:3      | 2765 ||| FLEEEEING.
  2766 | D:3      | 2766 ||| FLEEEEING.
  2767 | D:3      | 2767 ||| FLEEEEING.
  2768 | D:3      | 2768 ||| FLEEEEING.
  2769 | D:3      | 2769 ||| FLEEEEING.
  2770 | D:3      | 2770 ||| FLEEEEING.
  2771 | D:3      | 2771 ||| FLEEEEING.
  2772 | D:3      | 2772 ||| FLEEEEING.
  2773 | D:3      | 2773 ||| FLEEEEING.
  2774 | D:3      | 2774 ||| FLEEEEING.
  2775 | D:3      | 2775 ||| FLEEEEING.
  2776 | D:3      | 2776 ||| FLEEEEING.
  2777 | D:3      | 2777 ||| FLEEEEING.
  2778 | D:3      | 2778 ||| DRINKING 3 potions of curing.
  2778 | D:3      | 2778 ||| (to cure confusion)
  2779 | D:3      | 2779 ||| FLEEEEING.
  2780 | D:3      | 2780 ||| FLEEEEING.
  2781 | D:3      | 2781 ||| FLEEEEING.
  2782 | D:3      | 2782 ||| FLEEEEING.
  2783 | D:3      | 2783 ||| FLEEEEING.
  2784 | D:3      | 2784 ||| FLEEEEING.
  2992 | D:3      | 2992 ||| UPGRADING to +0 chain mail.
  3002 | D:3      | 3002 ||| DROPPING +0 scale mail.
  3003 | D:3      | 3003 ||| UPGRADING to +0 kite shield.
  3013 | D:3      | 3013 ||| DROPPING +0 buckler.
  3014 | D:3      | 3014 ||| READING scroll labelled DOIMIU UQOS.
  3015 | D:3      | 3015 ||| READING scroll labelled KAONKAR LEFACK.
  3019 | D:3      | 3019 ||| READING 2 scrolls of identify.
  3019 | D:3      | 3019 ||| IDENTIFYING fuming clear potion
  3049 | D:4      | Reached XP level 6. HP: 37/37 MP: 6/6
  3051 | D:4      | Found a staircase to the Ecumenical Temple.
  3052 | D:4      | 3052 ||| PLANNING TEMPLE
  3060 | Temple   | Entered the Ecumenical Temple
  3213 | Temple   | 3213 ||| PLANNING D:1-11
  3238 | D:4      | 3238 ||| Stepping ~*~*~tactically~*~*~ (hiding).
  3333 | D:4      | HP: 5/37 [iguana (7)]
  3486 | D:4      | 3486 ||| Stepping ~*~*~tactically~*~*~ (stealth).
  3487 | D:4      | 3487 ||| Stepping ~*~*~tactically~*~*~ (stealth).
  3493 | D:4      | 3493 ||| Stepping ~*~*~tactically~*~*~ (stealth).
  3813 | D:4      | 3813 ||| UPGRADING to +0 pair of boots.
  3818 | D:4      | 3818 ||| READING scroll labelled BAASYACUUT.
  3819 | D:4      | 3819 ||| DRINKING 3 fuming cyan potions.
  3819 | D:4      | Gained mutation: You expend magic power (3 MP) to
                  | strengthen your wands. [potion of mutation]
  3820 | D:4      | 3820 ||| DRINKING 3 fizzy purple potions.
  3821 | D:4      | 3821 ||| READING 3 scrolls of identify.
  3821 | D:4      | 3821 ||| IDENTIFYING emerald potion
  3822 | D:4      | 3822 ||| READING 2 scrolls of identify.
  3822 | D:4      | 3822 ||| IDENTIFYING smoky dark potion
  3823 | D:4      | 3823 ||| DROPPING potion of degeneration.
  3824 | D:4      | 3824 ||| DROPPING 2 potions of flight.
  3830 | D:5      | Entered Level 5 of the Dungeon
  3831 | D:5      | 3831 ||| PLANNING SEWER
  3859 | D:5      | Found a glowing drain.
  3868 | Sewer    | Entered a sewer
  3915 | Sewer    | Noticed Pargi
  3921 | Sewer    | Killed Pargi
  3922 | Sewer    | Reached XP level 7. HP: 41/41 MP: 7/7
  3965 | D:5      | 3965 ||| PLANNING OSSUARY
  3975 | D:5      | Found a transporter.
  3990 | D:5      | 3990 ||| Stepping ~*~*~tactically~*~*~ (stealth).
  3991 | D:5      | 3991 ||| Stepping ~*~*~tactically~*~*~ (stealth).
  4018 | D:5      | Found a transporter.
  4082 | D:5      | 4082 ||| Stepping ~*~*~tactically~*~*~ (stealth).
  4084 | D:5      | 4084 ||| Stepping ~*~*~tactically~*~*~ (stealth).
  4258 | D:5      | Found a sand-covered staircase.
  4259 | D:5      | 4259 ||| UPGRADING to amulet of guardian spirit.
  4264 | D:5      | 4264 ||| READING scroll labelled VEREGO XA OCIO.
  4265 | D:5      | 4265 ||| READING scroll labelled SEASTI FEGYUKK.
  4266 | D:5      | 4266 ||| READING 2 scrolls of identify.
  4266 | D:5      | 4266 ||| IDENTIFYING bubbling emerald potion
  4272 | Ossuary  | Entered an ossuary
  4295 | Ossuary  | 4295 ||| Stepping ~*~*~tactically~*~*~ (stealth).
  4300 | Ossuary  | 4300 ||| Stepping ~*~*~tactically~*~*~ (stealth).
  4385 | Ossuary  | Reached skill level 6 in Axes
  4468 | Ossuary  | Reached skill level 6 in Shields
  4468 | Ossuary  | 4468 ||| Stepping ~*~*~tactically~*~*~ (stealth).
  4522 | Ossuary  | 4522 ||| Stepping ~*~*~tactically~*~*~ (stealth).
  4535 | Ossuary  | Reached skill level 1 in Dodging
  4535 | Ossuary  | Reached XP level 8. HP: 45/48 MP: 8/8
  4634 | Ossuary  | 4634 ||| READING scroll labelled YRGHAIN SEKKOUSM.
  4634 | Ossuary  | Identified a scroll of acquirement
  4634 | Ossuary  | 4634 ||| ACQUIRING ring of Goushast {rF+ rC+ rCorr Str+2}
  4634 | Ossuary  | Acquired the ring of Goushast {rF+ rC+ rCorr Str+2}
  4636 | Ossuary  | 4636 ||| UPGRADING to ring of Goushast {rF+ rC+ rCorr
                  | Str+2}.
  4637 | Ossuary  | 4637 ||| READING 2 scrolls of identify.
  4637 | Ossuary  | 4637 ||| IDENTIFYING inky potion
  4638 | Ossuary  | 4638 ||| DROPPING potion of brilliance.
  4643 | D:5      | 4643 ||| PLANNING D:1-11
  4646 | D:5      | Noticed Dowan
  4646 | D:5      | Noticed Duvessa
  4649 | D:5      | 4649 ||| Stepping ~*~*~tactically~*~*~ (hiding).
  4650 | D:5      | 4650 ||| Stepping ~*~*~tactically~*~*~ (hiding).
  4651 | D:5      | 4651 ||| Stepping ~*~*~tactically~*~*~ (hiding).
  4657 | D:5      | Killed Dowan
  4667 | D:5      | HP: 5/48 [Duvessa/+0 short sword (10)]
  4667 | D:5      | Slain by Duvessa

Levels and vault maps discovered:
D:1:      dpeg_arrival_rooms_with_view, layout_basic, serial_bayou,
          serial_bayou_lagoon_a, serial_bayou_crossing, serial_bayou_ford_a,
          serial_bayou_lake_a, serial_bayou_shore_a, serial_bayou_shore_b
D:2:      layout_basic, basic_altar, ebering_ecumenical_altar_mist
D:3:      layout_basic, ashenzari_altar_1, minmay_misc_feat_encased, st_stairs_2
D:4:      layout_rooms, minmay_temple_entry_trees
D:5:      gammafunk_wand_slinger, layout_basic, serial_shops,
          nicolae_lakefront_shop, nicolae_ossuary_entry_plus,
          cheibrodos_sewer_entry_drain, uniq_duvessa
Temple:   nicolae_temple_bog_church

Skill      XL: |  1  2  3  4  5  6  7 |
---------------+----------------------+-----
Axes           | 2 3 4 5 6 |  6.2
Throwing       | 2 |  2.0
Shields        | 5 6 |  6.0
Fighting       | 4 |  4.0
Dodging        | 1 |  1.6
Armour         | |  3.2

Action                     |  1- 3 |  4- 6 |  7- 9 || total
---------------------------+-------+-------+-------++-------
  Melee: War axe           |    62 |   142 |   129 ||   333
  Throw: Javelin           |    31 |    70 |    43 ||   144
         Boomerang         |       |     2 |       ||     2
    Use: Scroll            |     5 |     6 |     5 ||    16
         Potion            |       |     4 |       ||     4
 Armour: Scale mail        |    39 |    37 |       ||    76
         Chain mail        |       |    44 |    64 ||   108
  Dodge: Dodged            |    20 |    48 |    37 ||   105
  Block: Buckler           |    12 |     5 |       ||    17
         Kite shield       |       |    35 |    51 ||    86

Table legend:
 A = Non-vault XP
 B = Vault XP
 C = Vault XP percentage of total XP
 D = Non-vault monster count
 E = Vault monster count
 F = Vault count percentage of total count
                 A         B        C        D         E       F
            +---------+---------+-------+---------+---------+-------
      Total |     688 |     637 |  48.1 |      98 |      50 |  33.8
            +---------+---------+-------+---------+---------+-------
        D:1 |      40 |       3 |   7.0 |      23 |       2 |   8.0
        D:2 |      86 |       0 |   0.0 |      21 |       0 |   0.0
        D:3 |     135 |       6 |   4.3 |      24 |       2 |   7.7
        D:4 |     208 |       0 |   0.0 |      18 |       0 |   0.0
        D:5 |     219 |      70 |  24.2 |      12 |       3 |  20.0
      Sewer |       0 |     139 | 100.0 |       0 |       4 | 100.0
    Ossuary |       0 |     419 | 100.0 |       0 |      39 | 100.0
            +---------+---------+-------+---------+---------+-------
